Description

Beginner Zerg Build Order Guide (2022) Do Watch the Video!

This is a Roach/Ravager 2 base all-in, great macro start to ending the game fast!

VOD

https://www.youtube.com/watch?v=cZLCA1nZl6A

Build Order

Get SALT Encoding   

  12  0:00  Drone  
  12  0:13  Overlord  
  13  0:20  Drone  
  14  0:31  Drone x2  
  16  0:38  Drone  send this drone to the natrual hatch
  17  0:52  Hatchery  
  16  0:55  Drone  send this to your gas
  17  0:58  Drone  rally to spawning pool
  18  1:08  Extractor  
  17  1:14  Spawning Pool  
  16  1:16  Drone  Rally this to gas
  17  1:20  Drone  Rally this to gas
  18  1:29  Drone  Rally this to gas
  19  1:40  Drone  Rally this to your natrual
  20  1:50  Drone  
  20  2:04  Queen x2  
  24  2:06  Zergling x4  
  26  2:15  Metabolic Boost  
  30  2:33  Overlord  
  30  2:36  Queen  
  35  2:51  Overlord  
  41  3:19  Lair  
  48  3:31  Extractor x3  
  48  3:33  Overlord  
  50  3:46  Roach Warren  
  49  3:47  Evolution Chamber  
  52  4:03  Overlord  
  55  4:30  Action  Spam Roaches and morph some of them to ravagers
  65  4:34  Glial Reconstitution  
Spawning Tool Build Advisor. Get it on Overwolf

Go to:

Details

  • Created by: Kenosua
  • Published on: Jul 09, 2022
  • Modified on: Jul 09, 2022
  • Patch: 4.11.0
  • Difficulty: Easy
Show
View Real Time Build Order
Export as new Build Order

Comments (0)

There are no comments. Be the first!

Create an account to comment!